 Dungeon Crawl Stone Soup version 0.32-a0-355-ged53ad6fd3 (webtiles) character file.

Game seed: 12730025850184989658

61 Amplified the Sneak (level 3, -1/26 HPs)
             Began as a Demonspawn Wanderer on Feb 18, 2024.
             Slain by a kobold
             ... wielding a +2 whip of electrocution
              (16 damage)
             ... on level 2 of the Dungeon.
             The game lasted 00:01:23 (838 turns).

Amplified the Sneak (Demonspawn Wanderer)            Turns: 838, Time: 00:01:23

Health: -1/26      AC:  7    Str: 12    XL:     3   Next: 83%
Magic:  3/3        EV:  8    Int: 10    God:
Gold:   84         SH:  0    Dex: 16    Spells: 2/2 levels left

rFire   . . .        i - +2 whip (drain)
rCold   . . .        (no shield)
rNeg    . . .        e - +1 scale mail
rPois   .            (no helmet)
rElec   .            (no cloak)
rCorr   .            (no gloves)
SInv    .            (no boots)
Will    .....        (no amulet)
Stlth   +            (no ring)
HPRegen 0.24/turn    (no ring)
MPRegen 0.08/turn

%: no passive effects
@: no status effects
A: foul stench 1
a: no special abilities


You were on level 2 of the Dungeon.
You visited 1 branch of the dungeon, and saw 2 of its levels.

You collected 84 gold pieces.

Inventory:

Hand Weapons
 a - a +0 dagger
 d - a +0 sling
 i - a +2 whip of draining (weapon)
Missiles
 b - 2 atropa-tipped darts (quivered)
 c - a datura-tipped dart
 g - 18 stones
Armour
 e - a +1 scale mail (worn)
Scrolls
 l - 2 scrolls of blinking
Potions
 f - a potion of attraction
 h - a potion of resistance {unknown}
 j - 3 potions of heal wounds {unknown}
 k - a potion of cancellation {unknown}
 m - a potion of mutation {unknown}
 n - 2 potions of berserk rage {unknown}


   Skills:
 * Level 1.5 Fighting
 * Level 1.2 Maces & Flails
 - Level 2.6 Ranged Weapons
 * Level 1.9 Throwing
 - Level 2.6 Armour
 * Level 3.2 Stealth


You had 2 spell levels left.
You didn't know any spells.
Your spell library was empty.

Dungeon Overview and Level Annotations

Branches:
Dungeon (2/15)

Altars:


Innate Abilities, Weirdness & Mutations

You may rarely emit foul miasma when damaged in melee.


Message History

Unknown command.
You open the door.
There is an open door here.
An adder and a ball python come into view.
The adder hisses angrily.
There are monsters nearby!
An adder is nearby!
The adder bites you but does no damage.
An adder is nearby!
You whack the adder! You drain the adder.
You kill the adder!
No target in view!
No target in view!
You see here an adder corpse.
The ball python hisses angrily.
A ball python is nearby!
A ball python is nearby!
You barely miss the ball python. The ball python barely misses you.
The ball python grabs you. The ball python constricts you.
You hit the ball python. You drain the ball python.
You kill the ball python!
A ball python comes into view.
A ball python is nearby!
The ball python hisses angrily.
You hit the ball python.
You kill the ball python!
Found a mace.
No target in view!
Found a stone staircase leading down.
You see here a +2 hat.
No target in view!
A kobold comes into view.
It is wielding a +2 whip of electrocution.
A kobold is nearby!
The kobold hits you with a +2 whip of electrocution.
You are electrocuted!
You barely miss the kobold. The kobold barely misses you.
You closely miss the kobold. The kobold hits you but does no damage.
You are electrocuted!
Ouch! That really hurt!
You die...

............#
.# #
.......[.#..#
.# .
>...........#
.
.###.......##
# ..).......#
........##.#
.#########.#
#.# #@# #K#
#.# #.# #.#
#.# #.# #.#


You could see a kobold.

Vanquished Creatures
  An adder (D:2)
  A dart slug (D:1)
  5 ball pythons
  4 endoplasms (D:1)
  A giant cockroach (D:1)
  A goblin (D:1)
  3 hobgoblins (D:1)
  A quokka (D:1)
  3 bats (D:1)
  A frilled lizard (D:1)
  5 kobolds (D:1)
  2 rats (D:1)
28 creatures vanquished.

Notes
Turn   | Place    | Note
-------+----------+-------------------------------------------
     0 | D:1      | Amplified the Demonspawn Wanderer began the quest for the
                  | Orb.
     0 | D:1      | Amplified set off with the following items: a +0 dagger, 2
                  | atropa-tipped darts, a datura-tipped dart, a +0 sling, a +0
                  | scale mail, a potion of attraction.
     0 | D:1      | Reached XP level 1. HP: 13/13 MP: 1/1
   176 | D:1      | Gained mutation: You may rarely emit foul miasma when
                  | damaged in melee. [demonic ancestry]
   176 | D:1      | Reached XP level 2. HP: 20/20 MP: 2/2
   210 | D:1      | Reached skill level 1 in Fighting
   215 | D:1      | Reached skill level 3 in Stealth
   297 | D:1      | Reached XP level 3. HP: 26/26 MP: 3/3
   416 | D:1      | Reached skill level 1 in Maces & Flails
   838 | D:2      | Slain by a kobold

Illustrated notes

Levels and vault maps discovered:
D:1:      dpeg_arrival_pond, layout_basic, hangedman_decor_slide_cut
D:2:      layout_basic, serial_shops, shop_fountains, basic_altar, uniq_jessica,
          uniq_terence

Skill      XL: |  1  2  3 |
---------------+----------+-----
Fighting       | 1 |  1.5
Stealth        | 3 |  3.2
Maces & Flails | 1 |  1.2
Ranged Weapons | |  2.6
Throwing       | |  1.9
Armour         | |  2.6

Action                     || total
---------------------------++-------
  Melee: Dagger            ||    15
         Whip              ||    62
  Throw: Dart              ||     2
    Use: Scroll            ||     3
   Stab: Invisible         ||     1
         Sleeping          ||     1
 Armour: Scale mail        ||    57
  Dodge: Dodged            ||    35

Table legend: (Time is in decaauts)
 A = Elapsed time spent in this place.
 B = Non-inter-level travel time spent in this place.
 C = Inter-level travel time spent in this place.
 D = Time resting spent in this place.
 E = Time spent auto-exploring this place.
 F = Levels seen in this place.
 G = Mean time per level.
                   A        B        C        D        E       F      G
               +--------+--------+--------+--------+--------+-----+--------+
         Total |    840 |    830 |     10 |      0 |    599 |   2 |  420.0 |
       Dungeon |    840 |    830 |     10 |      0 |    599 |   2 |  420.0 |
               +--------+--------+--------+--------+--------+-----+--------+

Top non-repeatable levels by time:
     D:1: 756 daAuts
     D:2: 83 daAuts
